 Dungeon Crawl Stone Soup version 0.28-a0-728-g0181a31188 (webtiles) character file.

Game seed: 12186459310320839004

580776 notjohn the Invulnerable (level 25, -1/272 HPs)
             Began as a Minotaur Berserker on Oct 27, 2021.
             Was a High Priest of Trog.
             Killed from afar by an orb of fire (17 damage)
             ... with a fireball
             ... on level 5 of the Realm of Zot on Oct 28, 2021.
             The game lasted 10:19:52 (91230 turns).

notjohn the Invulnerable (Minotaur Berserker)      Turns: 91230, Time: 10:19:54

Health: -1/272     AC: 37    Str: 27    XL:     25   Next: 92%
Magic:  5/19       EV: 18    Int:  6    God:    Trog [*****.]
Gold:   5937       SH:  0    Dex: 13    Spells: 24/24 levels left

rFire   + + .      SeeInvis .   t - +9 battleaxe of the Endless March {freeze, rF+ rN++ rCorr Str-2}
rCold   + + .      Faith    .   (shield currently unavailable)
rNeg    + + +      Spirit   .   u - +10 plate armour of Zafaz {+Blink rN+ Will+ Dex-4}
rPois   .          Reflect  .   (helmet restricted)
rElec   +          Harm     .   w - +2 cloak
rCorr   +          Rampage  .   S - +2 pair of gloves
Will    ++...                   E - +0 pair of boots of Edan {Drain rElec rCorr Dex+8}
Stlth   ..........              G - amulet of Vitality {Regen+ HP+15}
HPRegen 1.55/turn               H - ring of the Empire {rF+ rC+ rCorr}
MPRegen 0.16/turn               M - ring "Kisogum" {rC+ Int+6 Stlth+}

@: on berserk cooldown, studying Throwing, unable to read
A: horns 2, retaliatory headbutt, claws 1, fangs 1, clumsy 1, deformed body,
dopey 2, low mp 1, weak 2, inability to read while threatened
}: 3/15 runes: decaying, serpentine, silver
a: Renounce Religion, Evoke Blink, Berserk, Trog's Hand, Brothers in Arms


You were on level 5 of the Realm of Zot.
You worshipped Trog.
Trog was extremely pleased with you.
You visited 10 branches of the dungeon, and saw 49 of its levels.
You also visited: Trove, Ossuary, Bailey and Gauntlet.

You collected 9492 gold pieces.
You spent 3555 gold pieces at shops.

Inventory:

Hand Weapons
 c - the +7 hand crossbow of Vodeh {venom, rPois rN+ Stlth-}
   (You found it on level 11 of the Dungeon)

   Any ammunition fired from it poisons the flesh of those it strikes.
   rPois:     It protects you from poison.
   rN:        It protects you from negative energy.
   Stlth:     It makes you less stealthy.
 s - a +7 battleaxe of flaming
 t - the +9 battleaxe of the Endless March (weapon) {freeze, rF+ rN++ rCorr Str-2}
   (You took it off a deep elf pyromancer on level 3 of the Elven Halls)

   It freezes those it strikes, dealing additional cold damage.
   It can also slow down cold-blooded creatures.
   Str:       It affects your strength (-2).
   rF:        It protects you from fire.
   rN:        It greatly protects you from negative energy.
   rCorr:     It protects you from acid and corrosion.
 v - the +10 trident of the Saviour {vorpal, rC++ Str+6}
   (You took it off a spriggan on level 1 of the Swamp)

   It inflicts extra damage upon your enemies.
   Str:       It affects your strength (+6).
   rC:        It greatly protects you from cold.
 z - the +7 battleaxe of Trog's Regard {flame, rElec rPois Will+ Stlth+}
   (Trog gifted it to you on level 3 of the Depths)

   It burns those it strikes, dealing additional fire damage.
   Big, fiery blades are also staple armaments of hydra-hunters.
   rElec:     It insulates you from electricity.
   rPois:     It protects you from poison.
   Will:      It increases your willpower.
   Stlth:     It makes you more stealthy.
 L - the +5 executioner's axe of Neifum {holy, Contam Str+3 Dex+3}
   (You found it in a treasure trove)

   It has been blessed by the Shining One to cause great damage to the undead
   and demons.
   Str:       It affects your strength (+3).
   Dex:       It affects your dexterity (+3).
   Contam:    It causes magical contamination when unequipped.
 O - a +1 vorpal arbalest
 T - a +2 antimagic battleaxe
Missiles
 J - 4 throwing nets
 K - 8 silver javelins
 U - 1690 bolts
 V - 34 boomerangs
Armour
 u - the +10 plate armour of Zafaz (worn) {+Blink rN+ Will+ Dex-4}
   (You took it off a deep elf blademaster on level 3 of the Elven Halls)

   Dex:       It affects your dexterity (-4).
   rN:        It protects you from negative energy.
   +Blink:    It lets you blink.
   Will:      It increases your willpower.
 w - a +2 cloak (worn)
 E - the +0 pair of boots of Edan (worn) {Drain rElec rCorr Dex+8}
   (You found it on level 3 of the Elven Halls)

   Dex:       It affects your dexterity (+8).
   rElec:     It insulates you from electricity.
   rCorr:     It protects you from acid and corrosion.
   Drain:     It drains your maximum health when unequipped.
 S - a +2 pair of gloves (worn)
Jewellery
 a - a ring of willpower
 d - a +4 ring of protection
 i - a +6 ring of strength
 l - the ring of the Jackalope {Drain rElec rF++ rN+ Str+3}
   (You acquired it on level 3 of the Depths)

   [ring of positive energy]

   Str:       It affects your strength (+3).
   rF:        It greatly protects you from fire.
   rElec:     It insulates you from electricity.
   rN:        It protects you from negative energy.
   Drain:     It drains your maximum health when unequipped.
 p - a +4 ring of evasion
 x - the ring of Doepib {rPois rF+ Str+2 Stlth+}
   (You took it off a deep elf zephyrmancer on level 3 of the Elven Halls)

   [ring of poison resistance]

   Str:       It affects your strength (+2).
   rF:        It protects you from fire.
   rPois:     It protects you from poison.
   Stlth:     It makes you more stealthy.
 C - a ring of protection from cold
 F - the ring "Neton" {rPois rN+ Str+2}
   (You found it in a treasure trove)

   [ring of poison resistance]

   Str:       It affects your strength (+2).
   rPois:     It protects you from poison.
   rN:        It protects you from negative energy.
 G - the amulet of Vitality (around neck) {Regen+ HP+15}
   (You bought it in a shop on level 2 of the Depths)

   [amulet of regeneration]

   HP:        It affects your health (+15).
   Regen:     It increases your rate of health regeneration.
 H - the ring of the Empire (left hand) {rF+ rC+ rCorr}
   (You took it off a naga on level 2 of the Snake Pit)

   [ring of protection from cold]

   rF:        It protects you from fire.
   rC:        It protects you from cold.
   rCorr:     It protects you from acid and corrosion.
 M - the ring "Kisogum" (right hand) {rC+ Int+6 Stlth+}
   (You bought it in a shop on level 4 of the Vaults)

   [ring of intelligence]

   Int:       It affects your intelligence (+6).
   rC:        It protects you from cold.
   Stlth:     It makes you more stealthy.
 W - the ring "Vada" {rC++ rN+ Will+++ Int-3 SInv}
   (You acquired it on level 15 of the Dungeon)

   [ring of positive energy]

   Int:       It affects your intelligence (-3).
   rC:        It greatly protects you from cold.
   rN:        It protects you from negative energy.
   SInv:      It lets you see invisible.
   Will:      It greatly increases your willpower.
Wands
 b - a wand of flame (132) (quivered)
 n - a wand of acid (29)
 A - a wand of charming (34)
 B - a wand of iceblast (100)
 N - a wand of paralysis (9)
 Z - a wand of mindburst (74)
Scrolls
 e - 15 scrolls of teleportation
 f - a scroll of blinking
 g - 12 scrolls of fog
 r - 9 scrolls of fear
 D - 7 scrolls of enchant weapon
 I - 7 scrolls of enchant armour
 P - a scroll of summoning
 X - 6 scrolls of magic mapping
 Y - 4 scrolls of identify
Potions
 h - 6 potions of haste
 j - 3 potions of might
 k - 9 potions of ambrosia
 m - 5 potions of invisibility
 o - a potion of cancellation
 q - 6 potions of flight
 y - 3 potions of berserk rage
 Q - a potion of resistance


   Skills:
 O Level 27 Fighting
 O Level 27 Axes
 + Level 1.4(18.1) Maces & Flails
 + Level 22.4 Crossbows
 + Level 4.6 Throwing
 O Level 27 Armour
 + Level 22.7 Dodging
 + Level 5.4 Stealth
 + Level 2.0 Evocations


You had 24 spell levels left.
You didn't know any spells.
Your spell library was empty.

Dungeon Overview and Level Annotations

Branches:
Dungeon (15/15)            Temple (1/1) D:6            Lair (6/6) D:11
  Swamp (4/4) Lair:3        Snake (4/4) Lair:4        Slime (0/5) Lair:5
    Orc (2/2) D:11            Elf (3/3) Orc:2        Vaults (5/5) D:13
  Crypt (0/3) Vaults:3     Depths (4/4) D:15            Zot (5/5) Depths:4
Ossuary (visited)          Bailey (visited)         Gauntlet (visited)

Altars:
Ashenzari
Cheibriados
Dithmenos
Elyvilon
Fedhas
Gozag
Hepliaklqana
Kikubaaqudgha
Makhleb
Nemelex Xobeh
Okawaru
Ru
Sif Muna
Trog
Uskayaw
Vehumet
Wu Jian
Xom
Yredelemnul
Zin
The Shining One
Jiyva

Shops:
D:3 *   Orc:2 *(!:[   Vaults:4 =   Depths:1 :   Depths:2 :=:

Portals:
Hell: Depths:1 Depths:2 Depths:3 Depths:4
Abyss: Depths:3 Depths:4
Pandemonium: Depths:1 Depths:2
Ziggurat: Depths:2

Annotations:
D:9 1 runed translucent door
Elf:1 Roxanne
Zot:1 2 transporters, Natwink's ghost, legendary GrMo


Innate Abilities, Weirdness & Mutations

You have a pair of horns on your head.
You reflexively headbutt those who attack you in melee.
You have sharp fingernails.
You have very sharp teeth.
You are clumsy. (Dex -2)
Armour fits poorly on your strangely shaped body.
You are very dopey. (Int -4)
Your magical capacity is low. (-10% MP)
You are very weak. (Str -4)
You sometimes lose the ability to read scrolls when taking damage.


Message History

You headbutt the moth of wrath.
You kill the moth of wrath!
Trog accepts your kill.
Your iron troll rages.
Okay, then.
Press: ? - help, v - describe, . - travel
Here: an Orb Guardian (ally target)
The floor.
Unknown command.
Press: ? - help, v - describe, . - travel
Here: an Orb Guardian (ally target)
The floor.
You feel yourself speed up. The Orb Guardian hits you.
* * * LOW HITPOINT WARNING * * *
Unknown command.
Press: ? - help, v - describe, . - travel The floor.
You closely miss the Orb Guardian. Your headbutt misses the Orb Guardian.
The Orb Guardian hits you but does no damage.
You chop the Orb Guardian into pieces!!!
You freeze the Orb Guardian!! You headbutt the Orb Guardian!
You kill the Orb Guardian!
Trog accepts your kill.
Your iron troll rages.
You hear a loud "Zot"!
An orb of fire comes into view.
An orb of fire comes into view.
The orb of fire glows deep purple.
The fireball explodes!
The fireball engulfs you! You resist.
* * * LOW HITPOINT WARNING * * *
Press: ? - help, v - describe, . - travel
Here: an orb of fire The floor.
Your magical effects are unravelling.
You feel magically purged.
You feel yourself speed up.
You feel yourself slow down.
The sentinel's mark upon you fades away.
The orb of fire glows yellow.
The fireball explodes!
The fireball engulfs you! You resist.
You die...

▓▓▓▓.....1.X....^..▓▓
#▓▓▓▓▓▓▓▓▓▓▓##....8▓▓
###...[.........^.....##
##....##)...^..**.......##
#####...###..................##
.......###^...................#
......## #...^..^.............#
...)..# #.........TC......T..#
.....## #......@.............#
.....# #............^.......#
.....## #....................#
......# ##....).............##
......## ##.....)^.........##
.......# ##..............##
######## ################ # #


You could see 2 orbs of fire, a friendly iron troll (summoned, berserk) and a
friendly cyclops (summoned, berserk).

Vanquished Creatures
  A dread lich (Zot:5)
  3 ancient liches
  6 orbs of fire
  Mara (Swamp:4)
  2 juggernauts
  Mennas (Vaults:5)
  Sojobo (Vaults:4)
  2 Killer Klowns (Zot:5)
  Vashnia (Snake:2)
  Jory (Depths:3)
  9 golden dragons
  A bone dragon (Depths:4)
  An electric golem (Zot:5)
  Jorgrun (Orc:2)
  25 tentacled monstrosities
  Mlioglotl (Swamp:1)
  7 quicksilver dragons
  19 Orb Guardians
  5 liches
  Asterion (Vaults:2)
  3 titans
  2 deep elf master archers (Elf:3)
  2 deep elf blademasters (Elf:3)
  2 walking frostbound tomes (Depths:3)
  The ghost of Fiutuit the Metallomancer, an adept GrEE of Vehumet (Swamp:2)
  9 tengu reavers
  3 thorn hunters
  7 death cobs
  8 sphinxes
  11 shadow dragons
  8 draconian monks
  16 storm dragons
  5 draconian knights
  4 nagarajas
  Donald (Swamp:1)
  4 ghost moths
  20 vault wardens
  4 draconian scorchers
  Aizul (Snake:3)
  Louise (Swamp:2)
  6 fire giants
  An iron dragon (Depths:2)
  16 frost giants
  The ghost of dricus the Martial Artist, a journeyman GnWn of Uskayaw (Swamp:1)
  6 orc warlords
  4 deep elf sorcerers
  A balrug (Depths:1)
  A draconian shifter (Zot:3)
  4 ghouls
  17 ironbound preservers
  14 stone giants
  A draconian stormcaller (Zot:1)
  2 draconian annihilators
  A reaper (Depths:1)
  31 very ugly things
  A war gargoyle (Vaults:5)
  3 spriggan defenders (Depths:3)
  2 vampire knights
  5 deep elf demonologists
  3 demonspawn black suns (Zot:4)
  9 black draconians
  11 dire elephants
  8 white draconians
  2 entropy weavers (Vaults:3)
  10 deep elf annihilators
  7 green draconians
  11 yellow draconians
  The ghost of nht the Grappler, a journeyman TrTm of Makhleb (Orc:1)
  8 red draconians
  7 purple draconians
  5 bunyips
  15 spark wasps
  7 deep elf death magi
  3 eleionomae
  Snorg (D:14)
  12 ettins
  A crystal guardian (Vaults:4)
  2 deep elf high priests (Elf:3)
  2 shambling mangroves
  Josephine (Snake:1)
  8 fire dragons
  13 yaktaur captains
  Harold (D:9)
  6 salamander tyrants (Snake:4)
  2 hell beasts
  A peacekeeper (Vaults:4)
  10 great orbs of eyes
  23 hydras
  10 ice dragons
  34 vault guards
  7 spriggan air magi
  An ogre mage (D:15)
  3 boulder beetles
  An anaconda (shapeshifter) (Depths:4)
  15 naga warriors
  6 ironbound frosthearts
  9 ironbound thunderhulks
  7 anacondas
  A rakshasa (Depths:3)
  Erica (D:11)
  14 alligators
  2 catoblepae
  13 dancing weapons
  8 centaur warriors
  A death knight (D:15)
  4 two-headed ogres
  12 tengu warriors
  11 deep troll shamans
  19 naga sharpshooters
  3 shock serpents
  7 spriggan berserkers
  9 deep troll earth magi
  7 orc high priests
  8 deep elf knights
  Urug (D:12)
  3 salamander mystics
  A sixfirhy (Gauntlet)
  12 iron trolls
  3 hell knights
  6 goliath frogs
  A goliath frog (shapeshifter) (Depths:4)
  10 skeletal warriors
  4 spriggan druids
  11 swamp dragons
  A death drake (Swamp:1)
  A quicksilver dragon simulacrum (Depths:1)
  3 flayed ghosts
  81 deep trolls
  7 naga ritualists
  14 deep elf archers
  A swamp dragon (shapeshifter) (D:15)
  4 bog bodies
  5 glowing orange brains
  21 ironbound convokers
  5 wizards
  7 phantasmal warriors
  8 lindwurms
  4 harpies (Vaults:1)
  20 deep elf pyromancers
  18 orc knights
  6 mana vipers
  18 deep elf zephyrmancers
  A large abomination (Elf:1)
  5 necromancers
  6 oklob plants (Lair:4)
  2 wolf spiders
  50 ugly things
  22 moths of wrath
  7 manticores
  7 orc sorcerers
  3 will-o-the-wisps
  A worldbinder (Gauntlet)
  23 salamanders
  7 cyclopes
  34 black mambas
  22 vault sentinels
  17 naga magi
  5 guardian serpents
  13 cane toads
  A minotaur zombie (Gauntlet)
  3 rime drakes
  2 unseen horrors
  45 yaktaurs
  A freezing wraith (Vaults:5)
  9 komodo dragons
  3 kobold demonologists
  A rime drake (shapeshifter) (Depths:4)
  The ghost of 1Viktor the Covered, a novice GrFi (D:5)
  An unseen horror (shapeshifter) (D:13)
  2 tengu conjurers
  A yaktaur (shapeshifter) (Depths:3)
  A queen bee (Lair:5)
  29 hornets
  8 tyrant leeches
  3 polar bears
  9 trolls
  3 meliai
  2 hornets (shapeshifter)
  Prince Ribbit (D:9)
  4 blink frogs (Lair:4)
  32 slime creatures
  A blink frog (shapeshifter) (Depths:1)
  A snapping turtle (shapeshifter) (Elf:1)
  4 air elementals
  7 redbacks
  A shadow (D:12)
  7 wraiths
  25 spriggans
  5 wyverns
  2 vampires
  5 water elementals
  22 yaks
  9 humans (D:13)
  5 basilisks
  Grum (D:10)
  3 fire elementals
  3 steam dragons
  2 death yak simulacra (Orc:1)
  16 vampire mosquitoes
  A neqoxec (Depths:2)
  3 wargs
  16 swamp worms
  35 nagas
  3 acid dragons
  19 water moccasins
  A hell hound (Snake:1)
  A floating eye (shapeshifter) (Depths:4)
  A floating eye (Depths:3)
  8 swamp drakes
  A meliai simulacrum (D:15)
  62 orc warriors
  6 black bears
  An ice beast (shapeshifter) (D:11)
  An ice beast (D:8)
  14 ogres
  2 necrophages
  A boggart (Gauntlet)
  15 wolves
  22 centaurs
  2 kobold brigands
  3 elf zombies (Elf:1)
  11 bullfrogs
  2 gnoll sergeants
  4 scorpions
  A two-headed ogre simulacrum (Orc:1)
  30 killer bees
  4 wights (D:8)
  6 electric eels
  2 howler monkeys (D:9)
  5 centaur zombies
  A jelly (D:6)
  Crazy Yiuf (D:6)
  5 hounds
  17 orc priests
  A bullfrog skeleton (D:5)
  2 gnoll shamans
  Jessica (D:2)
  Terence (D:2)
  2 spriggan simulacra (Orc:1)
  30 orc wizards
  A troll simulacrum (Orc:1)
  A wolf simulacrum (Orc:1)
  2 killer bee zombies (D:8)
  3 mummies (Ossuary)
  A howler monkey zombie (D:8)
  Robin (D:2)
  30 gnolls
  3 adders
  A naga simulacrum (Orc:1)
  2 shadow imps (D:7)
  6 ufetubi
  An adder skeleton (D:4)
  4 worms
  3 dart slugs
  74 orcs
  A bat (D:1)
  6 endoplasms
  10 giant cockroaches
  29 goblins
  15 hobgoblins
  20 kobolds
  3 quokkas
  4 ball pythons
  2 frilled lizards
  4 goblin zombies (Ossuary)
  3 hobgoblin zombies (Ossuary)
  3 kobold zombies (Ossuary)
  10 rats
  2 briar patches (Swamp:4)
  A butterfly (D:9)
2093 creatures vanquished.

Vanquished Creatures (collateral kills)
  An orb of fire (Zot:5)
  Margery (Vaults:5)
  A walking crystal tome (Depths:3)
  A storm dragon (Zot:4)
  3 vault wardens
  A deep elf sorcerer (Elf:3)
  A draconian scorcher (Zot:4)
  A draconian shifter (Zot:4)
  A deep elf elementalist (Elf:3)
  A spriggan defender (Depths:3)
  An ironbound preserver (Vaults:4)
  A stone giant (Vaults:5)
  A demonspawn black sun (Zot:4)
  A deep elf annihilator (Elf:3)
  A yellow draconian (Zot:4)
  A minotaur (Gauntlet)
  A fire dragon (Depths:3)
  3 hell knights (Vaults:5)
  A wizard (Vaults:3)
  2 deep trolls (Vaults:4)
  A necromancer (Vaults:5)
  A cyclops (D:8)
  A deep elf pyromancer (D:13)
  An ugly thing (D:12)
  A moth of wrath (Zot:4)
  A minotaur zombie (Gauntlet)
  3 yaktaurs (Vaults:3)
  A hornet (Depths:3)
  A spriggan (Depths:3)
  A human (D:13)
  2 orc warriors (Orc:1)
  An orc wizard (Orc:1)
  An orc (Orc:1)
41 creatures vanquished.

Vanquished Creatures (others)
  2 Orb Guardians (Zot:5)
  A fire giant (Depths:3)
  A vault guard (D:13)
  A deep elf knight (Elf:1)
  A deep elf zephyrmancer (Elf:3)
  A bloated husk (Swamp:2)
  A hornet (Depths:3)
  A warg (Vaults:5)
  A goblin (D:8)
  3 bushes (Depths:2)
  13 foxfires
  28 fungi
  29 plants
83 creatures vanquished.

Grand Total: 2217 creatures vanquished

Notes
Turn   | Place    | Note
-------+----------+-------------------------------------------
     0 | D:1      | notjohn the Minotaur Berserker began the quest for the Orb.
     0 | D:1      | Reached XP level 1. HP: 19/19 MP: 0/0
   351 | D:1      | Reached XP level 2. HP: 26/27 MP: 1/1
   425 | D:1      | Found a faded altar of an unknown god.
  1382 | D:2      | Noticed Robin
  1394 | D:2      | Reached XP level 3. HP: 33/33 MP: 2/2
  1394 | D:2      | Killed Robin
  1421 | D:2      | Reached ** piety under Trog
  1775 | D:2      | Noticed Terence
  1788 | D:2      | Killed Terence
  1789 | D:2      | Reached skill level 5 in Axes
  1789 | D:2      | Reached XP level 4. HP: 36/41 MP: 3/3
  2569 | D:2      | Noticed Jessica
  2574 | D:2      | Killed Jessica
  2575 | D:2      | Reached XP level 5. HP: 47/47 MP: 4/4
  3608 | D:3      | Found Teekkaak's General Store.
  3611 | D:3      | Bought a scroll of identify for 22 gold pieces
  4532 | D:4      | Reached XP level 6. HP: 53/53 MP: 5/5
  4950 | D:5      | Entered Level 5 of the Dungeon
  5237 | D:5      | Reached skill level 5 in Armour
  5237 | D:5      | Reached XP level 7. HP: 60/60 MP: 6/6
  5638 | D:5      | Found a runed translucent door.
  5638 | D:5      | Noticed 1Viktor's ghost (novice GrFi)
  5834 | D:5      | Reached skill level 5 in Fighting
  6058 | D:5      | Reached *** piety under Trog
  6279 | D:6      | Reached skill level 10 in Axes
  6279 | D:6      | Reached skill level 1 in Throwing
  6289 | D:6      | Found a staircase to the Ecumenical Temple.
  6359 | D:6      | Reached XP level 8. HP: 67/68 MP: 7/7
  6397 | D:6      | Found a bloodstained altar of Trog.
  6707 | D:6      | Identified the +4 hunting sling "Nisow" {venom, rC+++ Will+
                  | Int-4}
  7049 | D:6      | Found a runed translucent door.
  7050 | D:6      | Noticed Crazy Yiuf
  7056 | D:6      | Killed Crazy Yiuf
  7060 | D:6      | Identified the +1 mace of Integrity {antimagic, Str+3}
  7192 | D:7      | Found a sand-covered staircase.
  7374 | Ossuary  | Entered an ossuary
  7619 | Ossuary  | Reached XP level 9. HP: 75/75 MP: 8/8
  8365 | D:7      | Reached **** piety under Trog
  9364 | D:7      | Found a glowing silver altar of Zin.
  9453 | D:5      | Killed 1Viktor's ghost
  9454 | D:5      | Reached skill level 15 in Axes
  9454 | D:5      | Reached skill level 10 in Armour
  9561 | D:8      | Reached skill level 1 in Crossbows
  9740 | D:8      | Found a shadowy altar of Dithmenos.
  9791 | D:8      | Reached XP level 10. HP: 51/84 MP: 9/9
  9848 | D:8      | Noticed a cyclops
  9893 | D:8      | Killed a cyclops
  9906 | D:8      | Noticed a catoblepas
  9913 | D:8      | HP: 1/86 [catoblepas (28)]
  9926 | D:8      | HP: 1/86 [something/blast of calcifying dust (4)]
 10030 | D:8      | Found a flagged portal.
 10039 | Bailey   | Entered a bailey
 10376 | Bailey   | Found an iron altar of Okawaru.
 10386 | Bailey   | Noticed a sixfirhy
 10457 | Bailey   | Reached ***** piety under Trog
 10538 | Bailey   | Noticed an orc knight
 10544 | Bailey   | Killed an orc knight
 10629 | Bailey   | Noticed an orc knight
 10635 | Bailey   | Killed an orc knight
 11329 | Bailey   | Identified the +6 morningstar "Uzoamn" {vorpal, rC++ rCorr
                  | Dex+2}
 11398 | Bailey   | Acquired a manual of Axes
 11675 | D:3      | Bought a potion of curing for 33 gold pieces
 11675 | D:3      | Bought a scroll of enchant armour for 82 gold pieces
 11780 | D:8      | Killed a catoblepas
 11780 | D:8      | Received a gift from Trog
 12052 | D:8      | Reached XP level 11. HP: 94/94 MP: 3/10
 12234 | D:8      | Found a burning altar of Makhleb.
 12234 | D:8      | Noticed a cacodemon
 12480 | D:9      | Found a white marble altar of Elyvilon.
 12483 | D:9      | Found an iron altar of Okawaru.
 12485 | D:9      | Found a hazy altar of Hepliaklqana.
 12575 | D:9      | Found an opulent altar of Gozag.
 12735 | D:9      | Noticed Prince Ribbit
 12735 | D:9      | Noticed Harold
 12737 | D:9      | Killed Prince Ribbit
 12747 | D:9      | Killed Harold
 13248 | D:9      | Found a runed translucent door.
 13250 | D:9      | Found a runed translucent door.
 13646 | D:9      | You fall into a shaft and drop 3 floors!
 13668 | D:12     | Noticed a brown ugly thing
 13673 | D:12     | Killed a purple ugly thing
 14165 | D:10     | Entered Level 10 of the Dungeon
 15073 | D:10     | Received a gift from Trog
 15085 | D:10     | Noticed Grum
 15093 | D:10     | Killed Grum
 15248 | D:10     | Found a sacrificial altar of Ru.
 15299 | D:10     | Found a shimmering blue altar of Sif Muna.
 15793 | D:11     | Noticed a two-headed ogre
 15800 | D:11     | Killed a two-headed ogre
 15849 | D:11     | Noticed a five-headed hydra
 15853 | D:11     | Killed a two-headed hydra
 15854 | D:11     | Reached XP level 12. HP: 106/106 MP: 11/11
 15935 | D:11     | Noticed a boulder beetle
 15946 | D:11     | Killed a boulder beetle
 16030 | D:11     | Found a staircase to the Lair.
 16089 | D:11     | Paralysed by a hornet for 3 turns
 16482 | D:11     | Noticed Erica
 16488 | D:11     | Killed Erica
 16499 | D:11     | Reached skill level 10 in Fighting
 16499 | D:11     | Reached skill level 5 in Crossbows
 16543 | D:11     | Identified the +7 hand crossbow of Vodeh {venom, rPois rN+
                  | Stlth-}
 16552 | D:11     | Identified the +8 glaive of Indomitability {drain, rF+
                  | SInv}
 16977 | D:11     | Found a staircase to the Orcish Mines.
 16990 | Orc:1    | Entered Level 1 of the Orcish Mines
 16990 | Orc:1    | Noticed an orc high priest
 17403 | Lair:1   | Entered Level 1 of the Lair of Beasts
 17408 | Lair:1   | Reached skill level 15 in Armour
 17642 | Lair:1   | Found a shimmering altar of Xom.
 18426 | Lair:2   | Noticed a five-headed hydra
 18435 | Lair:2   | Killed a three-headed hydra
 19957 | Lair:3   | You fall into a shaft and drop 1 floor!
 20177 | Lair:3   | Reached XP level 13. HP: 114/114 MP: 12/12
 20261 | Lair:3   | Found a staircase to the Swamp.
 21350 | Lair:4   | Found a staircase to the Snake Pit.
 22055 | Lair:4   | Reached ****** piety under Trog
 24297 | Lair:5   | Reached skill level 1 in Maces & Flails
 24394 | Lair:5   | Received a gift from Trog
 24556 | Lair:5   | Found a viscous altar of Jiyva.
 24559 | Lair:5   | Found a staircase to the Slime Pits.
 24661 | Lair:6   | Entered Level 6 of the Lair of Beasts
 24910 | Lair:6   | Found a gate leading to a gauntlet.
 24977 | Gauntlet | Entered a Gauntlet
 24977 | Gauntlet | Found a transporter.
 24977 | Gauntlet | Found a transporter.
 24979 | Gauntlet | Found a transporter.
 24980 | Gauntlet | Found a transporter.
 25001 | Gauntlet | Found a transporter.
 25009 | Gauntlet | Found a transporter.
 25013 | Gauntlet | Found a transporter.
 25024 | Gauntlet | Found a transporter.
 25038 | Gauntlet | Found a transporter.
 25056 | Gauntlet | Found a transporter.
 25057 | Gauntlet | Found a transporter.
 25065 | Gauntlet | Found a transporter.
 25364 | Gauntlet | Noticed a minotaur
 25367 | Gauntlet | Killed a minotaur
 25388 | Gauntlet | Reached XP level 14. HP: 125/125 MP: 13/13
 26523 | Orc:1    | Found a transporter.
 26526 | Orc:1    | Noticed nht's ghost (journeyman TrTm)
 27001 | Orc:1    | Received a gift from Trog
 27173 | Orc:1    | Found a transporter.
 27270 | Orc:1    | Killed nht's ghost
 27365 | Orc:2    | Entered Level 2 of the Orcish Mines
 28135 | Orc:2    | Found Ewouhets's General Store.
 28159 | Orc:2    | Found a staircase to the Elven Halls.
 28164 | Orc:2    | Found Oclukh's Book Shop.
 28285 | Orc:2    | Noticed Jorgrun
 28303 | Orc:2    | Killed Jorgrun
 28877 | Orc:2    | Found Cumyl's Distillery.
 29269 | Orc:2    | Found Lirirr's Antique Weapon Shoppe.
 29329 | Orc:2    | Noticed an orc warlord
 29346 | Orc:2    | Killed an orc warlord
 29690 | Orc:2    | Received a gift from Trog
 29719 | Orc:2    | Bought 2 potions of curing for 90 gold pieces
 29719 | Orc:2    | Bought 2 potions of curing for 90 gold pieces
 29753 | Orc:2    | Found Qoam's Antique Armour Shoppe.
 29903 | Orc:2    | Bought a +1 cloak for 149 gold pieces
 30568 | D:12     | Noticed Urug
 30574 | D:12     | Killed Urug
 30575 | D:12     | Reached skill level 10 in Crossbows
 31401 | D:13     | Identified the +7 war axe of Agony {vorpal, Will+ Str+2}
 31422 | D:13     | Reached XP level 15. HP: 64/137 MP: 14/14
 31430 | D:13     | Found a gate to the Vaults.
 32093 | D:14     | Noticed Snorg
 32123 | D:14     | Killed Snorg
 32928 | D:15     | Entered Level 15 of the Dungeon
 33022 | D:15     | Received a gift from Trog
 33265 | D:15     | Acquired the ring "Vada" {rC++ rN+ Will+++ Int-3 SInv}
 33663 | D:15     | Reached skill level 15 in Fighting
 33925 | D:15     | Found an ancient bone altar of Kikubaaqudgha.
 33965 | D:15     | Found a staircase to the Depths.
 34715 | Swamp:1  | Entered Level 1 of the Swamp
 34715 | Swamp:1  | Noticed Mlioglotl
 35174 | Temple   | Entered the Ecumenical Temple
 35640 | Snake:1  | Entered Level 1 of the Snake Pit
 35790 | Snake:1  | Noticed Josephine
 36033 | Snake:1  | Killed Josephine
 36047 | Snake:1  | Reached XP level 16. HP: 140/149 MP: 15/15
 36907 | Snake:1  | Received a gift from Trog
 38549 | Snake:1  | Found a snail-covered altar of Cheibriados.
 39852 | Snake:2  | Identified the ring of the Empire {rF+ rC+ rCorr}
 39990 | Snake:2  | Received a gift from Trog
 40227 | Snake:2  | Noticed Vashnia
 41064 | Snake:2  | Killed Vashnia
 41767 | Snake:3  | Noticed Aizul
 42004 | Snake:3  | Killed Aizul
 42767 | Snake:3  | Received a gift from Trog
 43236 | Snake:3  | Found a shimmering blue altar of Sif Muna.
 43895 | Snake:4  | Entered Level 4 of the Snake Pit
 44590 | Snake:4  | Reached XP level 17. HP: 161/161 MP: 5/16
 45833 | Snake:4  | Reached skill level 5 in Dodging
 46154 | Snake:4  | Got a serpentine rune of Zot
 47141 | Snake:4  | Found an iron altar of Okawaru.
 48302 | Swamp:1  | Killed Mlioglotl
 48549 | Swamp:1  | Noticed Donald
 48566 | Swamp:1  | Killed Donald
 49123 | Swamp:1  | Found a radiant altar of Vehumet.
 49267 | Swamp:1  | Found a runed translucent door.
 49268 | Swamp:1  | Identified the +10 trident of the Saviour {vorpal, rC++
                  | Str+6}
 49269 | Swamp:1  | Noticed dricus's ghost (journeyman GnWn)
 50350 | Swamp:2  | Received a gift from Trog
 50416 | Swamp:2  | Found a runed translucent door.
 50419 | Swamp:2  | Noticed Fiutuit's ghost (adept GrEE)
 50541 | Swamp:2  | Noticed Louise
 50834 | Swamp:2  | Killed Louise
 51496 | Swamp:2  | Reached XP level 18. HP: 144/174 MP: 17/17
 51778 | Swamp:2  | Killed Fiutuit's ghost
 53570 | Swamp:4  | Entered Level 4 of the Swamp
 53729 | Swamp:4  | Received a gift from Trog
 54516 | Swamp:4  | Noticed Mara
 54532 | Swamp:4  | Killed Mara
 54963 | Swamp:4  | Got a decaying rune of Zot
 55400 | Swamp:1  | Killed dricus's ghost
 55818 | Elf:1    | Entered Level 1 of the Elven Halls
 55818 | Elf:1    | Found a runed translucent gate.
 55818 | Elf:1    | Found a runed translucent gate.
 55818 | Elf:1    | Found a runed translucent gate.
 55818 | Elf:1    | Found a runed translucent gate.
 55818 | Elf:1    | Found a runed translucent gate.
 55818 | Elf:1    | Found a runed translucent gate.
 55819 | Elf:1    | Found a runed translucent door.
 55834 | Elf:1    | Identified the +4 battleaxe of the Sea {freeze, rF- Int-5
                  | Dex+7}
 55869 | Elf:1    | Found a runed translucent door.
 56083 | Elf:1    | Noticed an Ice Fiend
 56499 | Elf:1    | Identified the +11 great sword of the Whale {vorpal, *Rage
                  | rF++ rCorr Dex-2} (Trog gifted it to you on level 1 of the
                  | Elven Halls)
 56499 | Elf:1    | Received a gift from Trog
 57163 | Elf:1    | Reached skill level 15 in Crossbows
 57349 | Elf:1    | Noticed Roxanne
 57350 | Elf:1    | Paralysed by an air elemental for 1 turns
 57353 | Elf:1    | Paralysed by an air elemental for 1 turns
 57483 | Elf:1    | Paralysed by an air elemental for 1 turns
 58014 | Elf:1    | Reached XP level 19. HP: 182/189 MP: 18/18
 58878 | Elf:2    | Identified the +2 battleaxe "Athysoit" {vorpal, rPois Will+
                  | Dex-5} (Trog gifted it to you on level 2 of the Elven
                  | Halls)
 58878 | Elf:2    | Received a gift from Trog
 59186 | Elf:3    | Entered Level 3 of the Elven Halls
 59304 | Elf:3    | Paralysed by an air elemental for 1 turns
 59624 | Elf:3    | Paralysed by an air elemental for 1 turns
 59681 | Elf:3    | Acquired a +1 vorpal arbalest
 60074 | Elf:3    | Upgraded the game from 0.28-a0-724-g66f9036eb4 to
                  | 0.28-a0-728-g0181a31188
 61085 | Elf:3    | Identified the +10 plate armour of Zafaz {+Blink rN+ Will+
                  | Dex-4}
 61301 | Elf:3    | Identified the ring of Doepib {rPois rF+ Str+2 Stlth+}
 61323 | Elf:3    | Identified the +4 morningstar "Ogreslayer" {antimagic,
                  | Str+5}
 61323 | Elf:3    | Identified the +11 hand axe of Sloth {elec, rElec rPois}
 61323 | Elf:3    | Identified the +4 quarterstaff of Qassywk {elec, rC+ Int+3}
 61872 | Elf:3    | Received a gift from Trog
 61968 | Elf:3    | Identified the +9 dire flail of Goxugg {vorpal, Fly Will+
                  | Int+4}
 62075 | Elf:3    | Identified the +0 pair of boots of Edan {Drain rElec rCorr
                  | Dex+8}
 62641 | Elf:3    | Identified the +9 battleaxe of the Endless March {freeze,
                  | rF+ rN++ rCorr Str-2}
 62641 | Elf:3    | Identified the ring of Youthful Indiscretion {*Slow rF+
                  | Will+ Int+6}
 62991 | Vaults:1 | Entered Level 1 of the Vaults
 64036 | Vaults:1 | Received a gift from Trog
 64517 | Vaults:1 | Reached XP level 20. HP: 197/202 MP: 19/19
 65746 | Vaults:2 | Noticed Asterion
 65755 | Vaults:2 | Killed Asterion
 65757 | Vaults:2 | Received a gift from Trog
 67379 | Vaults:3 | Received a gift from Trog
 67826 | Vaults:3 | Reached skill level 27 in Armour
 68305 | Vaults:3 | Found a staircase to the Crypt.
 68450 | Vaults:3 | Reached XP level 21. HP: 216/216 MP: 20/20
 68879 | Vaults:4 | Received a gift from Trog
 69262 | Vaults:4 | Found Sok Vai's Jewellery Shoppe.
 69948 | Vaults:4 | Received a gift from Trog
 70818 | Vaults:5 | Entered Level 5 of the Vaults
 71377 | Vaults:5 | Noticed Sojobo
 71889 | Vaults:4 | Killed Sojobo
 72216 | Vaults:5 | Noticed an ancient lich
 72392 | Vaults:5 | Identified the +3 lajatang "Moryrruw" {vorpal, *Slow Dex+6}
                  | (Trog gifted it to you on level 5 of the Vaults)
 72392 | Vaults:5 | Received a gift from Trog
 72702 | Vaults:5 | Killed an ancient lich
 72703 | Vaults:5 | Reached XP level 22. HP: 231/231 MP: 21/21
 73364 | Vaults:5 | Noticed Mennas
 73372 | Vaults:5 | Reached skill level 27 in Fighting
 73397 | Vaults:5 | Killed Mennas
 73522 | Vaults:5 | Identified the +2 ring mail of the Grape {Int+6}
 73576 | Vaults:5 | Noticed Margery
 73626 | Vaults:5 | Killed Margery
 74098 | Vaults:5 | Noticed an ancient lich
 74512 | Vaults:5 | Received a gift from Trog
 74512 | Vaults:5 | Noticed a golden dragon
 74528 | Vaults:5 | Killed a golden dragon
 74871 | Vaults:5 | Got a silver rune of Zot
 76829 | Depths:1 | Entered Level 1 of the Depths
 77324 | Depths:1 | Identified the +8 trident of Rumul {protect, rPois rCorr}
 77398 | Depths:1 | Found a one-way gate leading to the halls of Pandemonium.
 77505 | Depths:1 | Found Fecuo's Book Boutique.
 77877 | Depths:1 | Found a gateway to Hell.
 78292 | Depths:1 | Received a gift from Trog
 78982 | Depths:2 | Found a gateway to a ziggurat.
 79372 | Depths:2 | Noticed a golden dragon
 79380 | Depths:2 | Reached skill level 27 in Axes
 79389 | Depths:2 | Killed a golden dragon
 79597 | Depths:2 | Identified the +9 flail of Itotaox {holy, rElec rF++ Str+5}
 79647 | Depths:2 | Lost intelligence.
 79720 | Depths:2 | Reached XP level 23. HP: 203/240 MP: 22/22
 79858 | Depths:2 | Found Tuserr's Book Shop.
 79858 | Depths:2 | Found Miodwyck's Jewellery Shoppe.
 79859 | Depths:2 | Found Gudwac's Book Shop.
 79867 | Depths:2 | Bought the amulet of Vitality {Regen+ HP+15} for 1659 gold
                  | pieces
 79867 | Depths:2 | Found the amulet of Vitality {Regen+ HP+15}
 80278 | Depths:3 | Received a gift from Trog
 80307 | Depths:3 | Noticed Jory
 80326 | Depths:3 | Killed Jory
 80659 | Depths:3 | Noticed a juggernaut
 80670 | Depths:3 | Killed a juggernaut
 81028 | Depths:3 | Acquired the ring of the Jackalope {Drain rElec rF++ rN+
                  | Str+3}
 81243 | Depths:3 | Reached skill level 10 in Dodging
 81403 | Depths:3 | Found a one-way gate to the infinite horrors of the Abyss.
 81976 | Depths:3 | Identified the +7 battleaxe of Trog's Regard {flame, rElec
                  | rPois Will+ Stlth+} (Trog gifted it to you on level 3 of
                  | the Depths)
 81976 | Depths:3 | Received a gift from Trog
 82214 | Depths:3 | Found a runed translucent door.
 82459 | Depths:4 | Entered Level 4 of the Depths
 82584 | Depths:4 | Found a portal to a secret trove of treasure.
 82600 | Depths:4 | Found a white marble altar of Elyvilon.
 82761 | Depths:4 | Found a gate to the Realm of Zot.
 82771 | Depths:4 | Reached XP level 24. HP: 249/249 MP: 22/22
 83070 | Depths:4 | Noticed a juggernaut
 83077 | Depths:4 | Killed a juggernaut
 83274 | Depths:4 | Identified the +7 dagger of Laecoy {freeze, +Blink}
 84038 | Zot:1    | Entered Level 1 of the Realm of Zot
 84061 | Zot:1    | Noticed an orb of fire
 84076 | Zot:1    | Gained mutation: Armour fits poorly on your strangely
                  | shaped body. [an orb of fire]
 84078 | Zot:1    | Lost intelligence.
 84078 | Zot:1    | Gained mutation: You are dopey. (Int -2) [an orb of fire]
 84080 | Zot:1    | Gained mutation: You have very sharp teeth. [an orb of
                  | fire]
 84083 | Zot:1    | Killed an orb of fire
 84262 | Zot:1    | Reached skill level 15 in Dodging
 84443 | Zot:1    | Noticed Natwink's ghost (legendary GrMo)
 84580 | Zot:1    | Received a gift from Trog
 85141 | Zot:1    | Found a transporter.
 85171 | Zot:1    | Found a transporter.
 85865 | Depths:4 | You paid a toll of +3 gold dragon scales to enter a
                  | treasure trove
 85866 | Trove    | Entered a treasure trove
 85873 | Trove    | Identified the +5 executioner's axe of Neifum {holy, Contam
                  | Str+3 Dex+3}
 85885 | Trove    | Identified the ring "Neton" {rPois rN+ Str+2}
 86989 | Zot:3    | Received a gift from Trog
 87378 | Zot:3    | You fall into a shaft and drop 1 floor!
 87392 | Zot:4    | Reached XP level 25. HP: 257/257 MP: 4/22
 87393 | Zot:4    | Noticed an orb of fire
 87412 | Zot:4    | Gained mutation: You sometimes lose the ability to read
                  | scrolls when taking damage. [an orb of fire]
 87413 | Zot:4    | Gained mutation: You have sharp fingernails. [an orb of
                  | fire]
 87421 | Zot:4    | Killed an orb of fire
 88632 | Zot:4    | Identified the +3 hand crossbow of Gloom {elec, rF+ rC+
                  | Str+2}
 88661 | Zot:4    | Identified the +7 hand axe of the Spectre {flame, *Corrode
                  | Str+5 SInv}
 88917 | Zot:5    | Entered Level 5 of the Realm of Zot
 88940 | Zot:4    | Reached skill level 1 in Stealth
 88970 | Zot:5    | Received a gift from Trog
 89417 | Zot:5    | Noticed an ancient lich
 89429 | Zot:5    | Noticed a Killer Klown
 89456 | Zot:4    | Killed an ancient lich
 89621 | Zot:5    | Killed a Killer Klown
 89753 | Zot:5    | Noticed an orb of fire
 89754 | Zot:5    | Noticed an orb of fire
 89763 | Zot:5    | Gained mutation: Your magical capacity is low. (-10% MP)
                  | [an orb of fire]
 89768 | Zot:5    | Noticed an orb of fire
 89770 | Zot:5    | Killed an orb of fire
 89776 | Zot:5    | Killed an orb of fire
 89782 | Zot:5    | Noticed a Killer Klown
 89783 | Zot:5    | Noticed an orb of fire
 89790 | Zot:5    | Lost intelligence.
 89790 | Zot:5    | Gained mutation: You are very dopey. (Int -4) [an orb of
                  | fire]
 89793 | Zot:5    | Gained mutation: You are weak. (Str -2) [an orb of fire]
 89797 | Zot:5    | Killed an orb of fire
 89798 | Zot:5    | Reached skill level 1 in Evocations
 89798 | Zot:5    | Gained mutation: You are very weak. (Str -4) [an orb of
                  | fire]
 89805 | Zot:5    | Gained mutation: You are clumsy. (Dex -2) [an orb of fire]
 89806 | Zot:5    | Killed an orb of fire
 89822 | Zot:5    | Killed a Killer Klown
 90424 | Vaults:4 | Bought the ring "Kisogum" {rC+ Int+6 Stlth+} for 1430 gold
                  | pieces
 90994 | Zot:5    | Noticed an ancient lich
 91067 | Zot:5    | Killed an ancient lich
 91146 | Zot:5    | Reached skill level 5 in Stealth
 91156 | Zot:5    | Noticed a dread lich
 91174 | Zot:5    | Noticed an orb of fire
 91186 | Zot:5    | HP: 7/272 [twister/vortex[a Zot trap] (10)]
 91188 | Zot:5    | HP: 1/272 [twister/vortex[a Zot trap] (13)]
 91212 | Zot:5    | Killed a dread lich
 91219 | Zot:5    | HP: 7/272 [orb of fire/fireball (23)]
 91219 | Zot:5    | Killed an orb of fire
 91228 | Zot:5    | Noticed an orb of fire
 91229 | Zot:5    | Noticed an orb of fire
 91230 | Zot:5    | Killed from afar by an orb of fire

Illustrated notes

Levels and vault maps discovered:
D:1:      minmay_arrival_doors, layout_loops_ring, basic_ecumenical_altar,
          roderic_lattice_a, minmay_cupped
D:2:      minmay_recursive_quarters, layout_basic, minmay_misc_feat_nine_boxes,
          serial_bayou_pond_b, uniq_jessica, uniq_robin, uniq_terence
D:3:      layout_rooms, serial_co_window_serial, co_window_paths_a,
          co_window_corner_a, co_window_cross_1, co_window_corner_a,
          co_window_paths_a, co_window_paths_b, co_window_corner_a,
          co_window_corner_b, co_window_corner_ca, co_window_corner_b,
          co_window_cross_2, co_window_paths_c, co_window_broadway_a,
          co_window_paths_c, glass_columns_c, glass_columns_a, glass_columns_b,
          serial_shops, nicolae_shop_behind_doors
D:4:      layout_rooms
D:5:      layout_gridville, gammafunk_ghost_grave, kennysheep_potato
D:6:      layout_rooms, trog_ov_bears_minmay, minmay_temple_entry_from_below_b,
          minmay_manual_mares, uniq_crazy_yiuf_cottage
D:7:      layout_cave_pods, marbit_many_paths, nicolae_ossuary_entry_plus
D:8:      layout_cave_pools, makhleb_altar_promises_db, grunt_dithmenos_smoke,
          enter_bailey_5
D:9:      lemuel_insect_pit, layout_loops_ring,
          nicolae_gozag_cash_rules_everything_around_me,
          nicolae_overflow_hidden_temple, uniq_harold, uniq_prince_ribbit1
D:10:     layout_long_grid, mainiacjoe_overflow_alcove_4, tgw_sif, uniq_grum
D:11:     minmay_the_grid_octo_triangle [minmay_the_grid_octo_chip,
          minmay_the_grid_octo_prize_single_spiral,
          minmay_the_grid_octo_toaster], layout_layer_cave, lair_entry_dummy,
          david_orc_4, uniq_erica
D:12:     layout_cave_pools, uniq_urug
D:13:     layout_long_grid, ximxim_vaults_locker_room, special_room
          [special_room_orc]
D:14:     layout_loops_ring, serial_glass, glass_columns_a, glass_columns_b,
          chequers_serial_rivers_micro_e, uniq_snorg
D:15:     hangedman_depths_entry_try_elsewhere_first, layout_gridville,
          kiku_gazebo_garden_becter
Temple:   jpeg_temple_alley_garden
Lair:1:   layout_layer_cave, basic_altar
Lair:2:   layout_loops_ring, st_stairs_9, grunt_forest_stairs_clearing,
          grunt_megastairs_5
Lair:3:   layout_gridlike, swamp_mist, columned_hall_lemuel,
          minmay_stone_trees_medium, lemuel_fruit_fields
Lair:4:   layout_long_grid, minmay_snake_entry_guardpost_small, st_stairs_3,
          dpeg_oklob_1
Lair:5:   layout_loops_ring, dpeg_slime_entry_enclosed_altar, special_room
          [special_room_bee], infiniplex_staircase_pool_2
Lair:6:   wormcave, layout_loops_ring, hangedman_lair_tendril_chambers,
          gauntlet_entry_generic
Swamp:1:  layout_falls_marsh, ebering_ghost_funeral_grove,
          nicolae_swamp_godswood, swamp_pool1, st_swamp_mini, uniq_donald,
          uniq_mlioglotl
Swamp:2:  layout_basic_swamp, ebering_ghost_inner_flame,
          nicolae_swamp_little_tower, uniq_louise
Swamp:3:  layout_basic_swamp, evilmike_swamp_ruin_house_1
Swamp:4:  swamp, layout_basic_swamp, uniq_mara
Snake:1:  layout_rooms, basic_altar, beargit_elvish_explorers, uniq_josephine
Snake:2:  layout_grid_shapes, uniq_vashnia
Snake:3:  layout_gridlike, basic_altar, nicolae_snake_gridmaze_waves, uniq_aizul
Snake:4:  grunt_snake_rune_pools, layout_cave_town, basic_altar,
          grunt_ministairs_7, library_closet, serial_bayou_shore_b
Orc:1:    layout_diamond_mine, serial_shops, nicolae_shop_trees,
          gammafunk_ghost_arena, portal_ice_cave_entry_ice_simulacra,
          dreamdust_deal_with_the_devil, mines4_lemuel
Orc:2:    grunt_orc_gardens, layout_caves, grunt_orc_garden, grunt_orc_garden,
          grunt_orc_garden, grunt_orc_garden, serial_shops, nicolae_shop_stone,
          uniq_jorgrun
Elf:1:    nicolae_elf_arrival_dilemma, layout_rooms, serial_co_window_serial,
          co_window_corner_a, co_window_paths_b, co_window_paths_a,
          co_window_of_opportunity_a, co_window_corner_a,
          co_window_of_opportunity_b, co_window_2corner, co_window_2corner,
          co_window_paths_c, co_window_paths_c, co_window_corner_b,
          co_window_corner_b, co_window_4corner_b, glass_columns_b,
          glass_columns_b, glass_columns_a, glass_columns_a,
          minmay_elf_necromancy, uniq_roxanne
Elf:2:    nicolae_elf_blades_crystal_corner, layout_gridlike, special_room
          [special_room_orc], serial_shops, shop
Elf:3:    elf_hall, layout_geoelf_castle
Vaults:1: v_misc_13, vaults_room_fours, nicolae_vaults_inception_statues,
          grunt_vaults_swirl, v_misc_19, v_misc_1, vaults_room_boxed,
          ontoclasm_vaults_ring_small, nicolae_vaults_network_barrier, v_misc_9,
          nicolae_vaults_rhombus_7, layout_vaults_omnibox
Vaults:2: hangedman_vaults_trim, vaults_mumra_hexcomb, vaults_dpeg_encased_lava,
          ontoclasm_vaults_gateway, nicolae_vaults_big_ls,
          nicolae_vaults_stairing_the_circle, dpeg_vaults_monster_box,
          v_alt_pattern_2, vaults_room_stairs_pillars,
          grunt_vaults_hallway_long, vaults_room_hangedman_quadrants,
          layout_vaults_big_cross, uniq_asterion
Vaults:3: vaults_mumra_lcd, grunt_vaults_focal, v_misc_16,
          minmay_crypt_entry_nasty_monster, v_misc_26, v_rooms_2,
          hangedman_vaults_pinch, v_rooms_5, hangedman_vaults_locks,
          vaults_room_pool, layout_vaults_ring
Vaults:4: nicolae_vaults_arrows, hangedman_vaults_stagger, v_misc_15,
          v_alt_pattern_2, nicolae_vaults_shelves_hall,
          nicolae_vaults_windows_and_doors_thing, layout_vaults_chaotic_city,
          serial_shops, shop
Vaults:5: uniq_mennas, uniq_sojobo, uniq_margery
Depths:1: layout_gridlike, serial_shops, nicolae_shop_crystal,
          corexii_leaking_fountain, grunt_mini_vestibule, pan_entry,
          kennysheep_small_circle, kennysheep_random_hallway
Depths:2: cheibrodos_salmonella, layout_basic, enter_ziggurat_d,
          hangedman_tar_grid_catacomb, grunt_pan_entry_sceptre,
          dk_noncrumbling_2, minmay_shop_grove
Depths:3: hangedman_grunt_twisty_little_passages, layout_basic, pf_coc_iceberg,
          abyss_entry, lightli_giant_bouncers, uniq_jory
Depths:4: grunt_zot_entry_tricorne, layout_cave_shapes, elyvilon_altar_5,
          nicolae_trove_entry_free_sample, hell_entry, abyss_entry,
          grunt_megastairs_2
Zot:1:    layout_gridlike, gammafunk_ghost_arena
Zot:2:    layout_basic
Zot:3:    layout_cathedral_of_symmetry, grunt_megastairs_1
Zot:4:    dreamdust_black_sun_cult, layout_basic
Zot:5:    layout_gridlike

Skill      XL: |  1  2  3  4  5  6  7  8  9 10 11 12 13 14 15 16 17 18 19 20 21 22 23 24 25 |
---------------+----------------------------------------------------------------------------+-----
Fighting       | 4 5 6 8 9 10 11 13 15 17 18 21 22 24 26 27 | 27.0
Axes           | 4 5 6 8 10 12 15 16 19 20 22 23 24 25 27 | 27.0
Armour         | 3 5 6 8 10 12 14 16 17 19 20 22 23 24 26 27 | 27.0
Dodging        | 3 4 5 6 7 12 18 22 | 22.7
Throwing       | 1 2 3 4 |  4.6
Crossbows      | 1 2 4 6 8 10 11 13 14 15 16 17 19 22 | 22.4
Maces & Flails | 1 |  1.4
Stealth        | 5 |  5.4
Evocations     | 2 |  2.0

Action                   |  1- 3 |  4- 6 |  7- 9 | 10-12 | 13-15 | 16-18 | 19-21 | 22-24 | 25-27 || total
-------------------------+-------+-------+-------+-------+-------+-------+-------+-------+-------++-------
Melee: Hand axe          |    95 |   108 |   310 |       |       |       |       |       |       ||   513
       Headbutt          |     9 |    12 |    85 |   134 |   178 |   198 |   305 |   472 |   126 ||  1519
       War axe           |       |       |     4 |   331 |   165 |    33 |       |       |       ||   533
       Broad axe         |       |       |       |   181 |       |   113 |     3 |       |       ||   297
       Battleaxe         |       |       |       |       |   630 |   710 |  1109 |  1470 |   396 ||  4315
       Morningstar       |       |       |       |       |     5 |       |       |       |       ||     5
       Bite              |       |       |       |       |       |       |       |    69 |    74 ||   143
 Fire: Arbalest          |       |       |     2 |    10 |    12 |       |       |       |       ||    24
       Hand crossbow     |       |       |       |       |   100 |   525 |     6 |       |       ||   631
Throw: Stone             |       |     9 |     6 |       |       |       |       |       |       ||    15
       Boomerang         |       |       |     5 |    10 |     8 |       |       |       |       ||    23
       Throwing net      |       |       |       |       |       |       |     1 |       |       ||     1
Invok: Berserk           |     4 |     8 |    13 |    27 |    29 |    40 |    35 |    28 |    10 ||   194
       Trog's Hand       |       |     1 |       |     3 |     2 |       |       |       |       ||     6
       Brothers in Arms  |       |       |       |     3 |     3 |       |    10 |     4 |    15 ||    35
 Abil: Evoke Blink       |       |       |       |       |       |       |     1 |       |       ||     1
Evoke: Wand              |       |       |       |       |       |       |       |       |     4 ||     4
  Use: Scroll            |       |     3 |     3 |     7 |    15 |     5 |     6 |     8 |     1 ||    48
       Potion            |       |       |     3 |     6 |    11 |    12 |     8 |     7 |    22 ||    69
 Stab: Sleeping          |     2 |       |       |       |       |       |       |       |       ||     2
       Invisible         |       |       |       |     1 |       |       |       |       |       ||     1
       Petrified         |       |       |       |       |     1 |       |       |       |       ||     1
       Paralysed         |       |       |       |       |       |       |     1 |       |       ||     1
       Distracted        |       |       |       |       |       |       |     3 |     1 |       ||     4
Armor: Animal skin       |    12 |       |       |       |       |       |       |       |       ||    12
       Ring mail         |       |    22 |       |       |       |       |       |       |       ||    22
       Scale mail        |       |     8 |       |       |       |       |       |       |       ||     8
       Plate armour      |       |       |   154 |   227 |   375 |   642 |   622 |   922 |   250 ||  3192
Dodge: Dodged            |    55 |    46 |    99 |   267 |   377 |   529 |   507 |   677 |   262 ||  2819

Table legend: (Time is in decaauts)
 A = Elapsed time spent in this place.
 B = Non-inter-level travel time spent in this place.
 C = Inter-level travel time spent in this place.
 D = Time resting spent in this place.
 E = Time spent auto-exploring this place.
 F = Levels seen in this place.
 G = Mean time per level.
                   A        B        C        D        E       F      G
               +--------+--------+--------+--------+--------+-----+--------+
         Total |  92149 |  85881 |   6268 |  35941 |  22388 |  53 | 1738.7 |
       Dungeon |  21595 |  19291 |   2304 |   6502 |   8914 |  15 | 1439.7 |
        Temple |    222 |    169 |     53 |      0 |    165 |   1 |  222.0 |
          Lair |  11605 |  10628 |    977 |   6031 |   3144 |   6 | 1934.2 |
         Swamp |   7267 |   6967 |    300 |   3653 |   1561 |   4 | 1816.8 |
     Snake Pit |  10796 |  10566 |    230 |   5533 |   1915 |   4 | 2699.0 |
  Orcish Mines |   4201 |   3840 |    361 |   2183 |    790 |   2 | 2100.5 |
   Elven Halls |   6475 |   6332 |    143 |   2432 |    886 |   3 | 2158.3 |
        Vaults |  13204 |  12448 |    756 |   5731 |   1630 |   5 | 2640.8 |
        Depths |   7740 |   7040 |    700 |   1698 |   1610 |   4 | 1935.0 |
           Zot |   6319 |   5880 |    439 |    985 |   1317 |   5 | 1263.8 |
         Trove |     44 |     44 |      0 |      0 |      0 |   1 |   44.0 |
       Ossuary |    590 |    590 |      0 |    100 |    268 |   1 |  590.0 |
        Bailey |   1552 |   1552 |      0 |    981 |    179 |   1 | 1552.0 |
      Gauntlet |    532 |    532 |      0 |    107 |      7 |   1 |  532.0 |
               +--------+--------+--------+--------+--------+-----+--------+

Top non-repeatable levels by time:
Vaults:4: 5164 daAuts
  Lair:4: 4230 daAuts
 Snake:3: 3093 daAuts
  Lair:3: 2978 daAuts
    D:11: 2673 daAuts
 Snake:4: 2638 daAuts
   Elf:3: 2627 daAuts
 Snake:2: 2603 daAuts
 Swamp:3: 2540 daAuts
Depths:3: 2525 daAuts
 Snake:1: 2461 daAuts
   Orc:1: 2203 daAuts
Depths:1: 2195 daAuts
   Elf:1: 2138 daAuts
Vaults:1: 2117 daAuts
